 Dungeon Crawl Stone Soup version 0.20.1-1-g8b1a95d (webtiles) character file.

7692 manon the Basher (level 11, -5/71 HPs)
             Began as a Gargoyle Gladiator on Oct 31, 2017.
             Was an Elder of Okawaru.
             Killed from afar by Harold (25 damage)
             ... with a bolt of fire
             ... on level 2 of the Lair of Beasts.
             The game lasted 00:52:07 (8338 turns).

manon the Basher (Gargoyle Gladiator)               Turns: 8338, Time: 00:52:09

Health: -5/71      AC: 20    Str: 21    XL:     11   Next: 19%
Magic:  15/15      EV:  8    Int: 11    God:    Okawaru [****..]
Gold:   484        SH: 10    Dex: 11    Spells: 7/10 levels left

rFire    . . .     SeeInvis +   a - +3 morningstar
rCold    + . .     Gourm    +   N - +2 shield
rNeg     + . .     Faith    .   H - +0 scale mail {rC+}
rPois    ∞         Spirit   .   X - +2 hat
rElec    +         Reflect  .   I - +0 cloak
rCorr    .         Harm     .   G - +1 pair of gloves
MR       .....                  u - +1 pair of boots
Stlth    ..........             c - amulet of the gourmand
Regen    0.3/turn               v - ring of see invisible
MPRegen  0.2/turn               S - +2 ring of strength

@: no status effects
A: negative energy resistance 1, electricity resistance, unbreathing,
petrification resistance, rot immunity, AC +7
a: Heroism, Renounce Religion


You were on level 2 of the Lair of Beasts.
You worshipped Okawaru.
Okawaru was greatly pleased with you.
You were not hungry.

You visited 3 branches of the dungeon, and saw 12 of its levels.
You also visited: Sewer.

You collected 484 gold pieces.

Inventory:

Hand Weapons
 a - a +3 morningstar (weapon)
 b - a +0 hunting sling
 o - a +0 shortbow
Missiles
 d - 3 throwing nets {!f}
 j - 115 arrows
 q - 44 bolts
 M - 55 sling bullets
 W - 8 javelins (quivered)
Armour
 e - a +0 pair of gloves
 u - a +1 pair of boots (worn)
 y - a +0 scale mail
 G - a +1 pair of gloves (worn)
 H - a +0 scale mail of cold resistance (worn)
 I - a +0 cloak (worn)
 N - a +2 shield (worn)
 X - a +2 hat (worn)
Magical Staves
 Z - an uncursed staff of fire {unknown}
Jewellery
 c - an amulet of the gourmand (around neck)
 v - a ring of see invisible (left hand)
 w - an uncursed ring of wizardry
 S - a +2 ring of strength (right hand)
Wands
 n - a wand of random effects (9/48)
 C - a wand of paralysis (7/24)
 D - a wand of flame (16/48)
 E - a wand of enslavement (14/24)
 O - a wand of random effects (23/48)
 R - a wand of random effects (8/48)
Scrolls
 g - 3 scrolls of magic mapping
 l - a scroll of fog
 m - a scroll of teleportation
 r - a scroll of enchant armour {unknown}
 s - a scroll of acquirement {unknown}
 B - a scroll of random uselessness
 F - 8 scrolls of remove curse
 Q - a scroll of noise {unknown}
 Y - a scroll of fear {unknown}
Potions
 i - 3 potions of brilliance
 p - 4 potions of lignification
 t - a potion of ambrosia {unknown}
 x - 2 potions of flight {unknown}
 z - 8 potions of curing
 A - a potion of haste {unknown}
 T - a potion of might {unknown}
 U - a potion of mutation {unknown}
Books
 V - a book of Necromancy

   Spells                             Type                      Level
   a - Pain                           Necromancy                   1
   b - Animate Skeleton               Necromancy                   1
   c - Vampiric Draining              Necromancy                   3
   d - Regeneration                   Charms/Necromancy            3
   e - Animate Dead                   Necromancy                   4
   f - Control Undead                 Necromancy                   4
Comestibles
 f - 10 bread rations
 h - 5 meat rations


   Skills:
 + Level 9.6 Fighting
 * Level 12.2 Maces & Flails
 - Level 1.7 Throwing
 - Level 2.4 Dodging
 - Level 2.0 Shields
 - Level 5.0 Invocations
 + Level 5.8 Evocations


You had 7 spell levels left.
You knew the following spells:

 Your Spells              Type           Power        Failure   Level  Hunger
a - Regeneration          Chrm/Necr      #.........   100%        3    ####...


Dungeon Overview and Level Annotations

Branches:
Dungeon (9/15)             Temple (1/1) D:4            Lair (2/6) D:9
  Swamp: Lair:2-4    Shoals: Lair:2-4     Snake: Lair:2-4    Spider: Lair:2-4
    Orc: D:9-12

Altars:
Ashenzari
Cheibriados
Elyvilon
Fedhas
Gozag
Hepliaklqana
Kikubaaqudgha
Makhleb
Nemelex Xobeh
Okawaru
Qazlal
Ru
Sif Muna
Trog
Xom
Yredelemnul
The Shining One

Shops:
D:7 %

Annotations:
Lair:2 Harold


Innate Abilities, Weirdness & Mutations

You are resistant to torment.
Your stone body is resilient. (AC +7)
You are immune to poison.
You resist negative energy. (rN+)
You are resistant to electric shocks. (rElec)
You can survive without breathing.
You are immune to petrification.
You are immune to rotting.


Message History

Your hippogriff closely misses Harold.
Your hippogriff barely misses Harold.
You rip the net and break free!
Your hippogriff bites Harold!
Your hippogriff pecks Harold.
Your hippogriff claws Harold.
Throwing (i - inventory. (,) - cycle):
W - 8 javelins (quivered)
Press: ? - help, Shift-Dir - straight line, f - Harold, p - hippogriff
Aim: Harold, wielding a scimitar and wearing a ring mail (lightly wounded)
Okay, then.
Fire/throw which item? (* to show all) (? for menu, Esc to quit)
Really fire
d - 4 throwing nets {!f}?
Press: ? - help, Shift-Dir - straight line, f - Harold, p - hippogriff
Aim: Harold, wielding a scimitar and wearing a ring mail (lightly wounded)
You throw a throwing net {!f}. The throwing net {!f} hits Harold.
Harold is caught in the net!
Harold is lightly wounded.
Harold struggles against the net.
You impale Harold!!
Harold is heavily wounded.
Harold gestures at you while chanting. The bolt of fire hits you!
You die...

####.....
.#....§#
##......##
###.......P#
#(.........#
#.....H...#
#.....@...#
..#....@...####
)......<.......
.##.##.###PP##.
# ## ##


You could see Harold (caught) and a friendly hippogriff.

Vanquished Creatures
  A hydra (Lair:1)
  2 two-headed ogres (D:8)
  Pikel (D:4)
  An elephant (D:9)
  A spiny frog (Lair:1)
  2 hippogriffs (D:9)
  The ghost of Thjof the Grasshopper, an amateur NaWr (D:4)
  2 yaks (Lair:1)
  Eustachio (D:4)
  A basilisk (Lair:1)
  Blork the orc (D:4)
  A water moccasin (Lair:1)
  3 porcupines (Lair:1)
  An orc warrior (D:7)
  An ice beast (D:9)
  2 black bears
  6 ogres
  A necrophage (D:8)
  2 sky beasts
  2 crocodiles
  4 bullfrogs
  2 scorpions
  A howler monkey (D:5)
  4 wights (D:8)
  4 crimson imps
  A bullfrog zombie (D:8)
  A quasit (D:9)
  2 bullfrog skeletons
  3 jellies
  5 orc wizards
  6 hounds
  3 orc priests
  Crazy Yiuf (D:6)
  Jessica (D:2)
  An iguana (D:8)
  3 worker ants
  2 hound skeletons
  2 mummies (D:8)
  Robin (D:3)
  7 gnolls
  A howler monkey skeleton (D:5)
  13 adders
  2 adder skeletons
  An adder zombie (D:5)
  4 worms
  2 dart slugs
  2 leopard geckos
  22 orcs
  5 giant cockroaches
  13 goblins
  7 hobgoblins
  4 jackals (D:6)
  4 kobolds
  3 quokkas
  3 ball pythons
  7 bats
  3 frilled lizards
  A jackal skeleton (D:9)
  A leopard gecko skeleton (D:5)
  A quokka skeleton (D:5)
  7 rats
  A bush (D:4)
  A plant (D:4)
195 creatures vanquished.

Vanquished Creatures (others)
  A basilisk (D:9)
  An ogre (D:4)
  An orc priest (D:4)
3 creatures vanquished.

Grand Total: 198 creatures vanquished

Notes
Turn   | Place    | Note
-------+----------+-------------------------------------------
     0 | D:1      | manon the Gargoyle Gladiator began the quest for the Orb.
     0 | D:1      | Reached XP level 1. HP: 12/12 MP: 1/1
   298 | D:1      | Reached XP level 2. HP: 18/18 MP: 2/2
   691 | D:2      | Reached XP level 3. HP: 22/22 MP: 3/3
   927 | D:2      | Reached skill level 4 in Maces & Flails
   987 | D:2      | Noticed Jessica
  1004 | D:2      | Killed Jessica
  1004 | D:2      | Reached XP level 4. HP: 17/28 MP: 4/4
  1387 | D:3      | Found a glowing drain.
  1411 | Sewer    | Entered a sewer
  1421 | Sewer    | Noticed manon's ghost (amateur GrCK)
  1487 | D:3      | Reached XP level 5. HP: 32/32 MP: 5/5
  1507 | D:3      | Noticed Robin
  1529 | D:3      | Killed Robin
  1562 | D:3      | Reached skill level 5 in Maces & Flails
  2042 | D:3      | Found a blossoming altar of Fedhas.
  2045 | D:3      | Found a sacrificial altar of Ru.
  2091 | D:3      | Reached XP level 6. HP: 20/38 MP: 6/6
  2092 | D:3      | Reached skill level 1 in Evocations
  2279 | D:4      | Noticed Blork the orc
  2297 | D:4      | Killed Blork the orc
  2297 | D:4      | Reached skill level 6 in Maces & Flails
  2453 | D:4      | Reached XP level 7. HP: 16/44 MP: 8/8
  2866 | D:4      | Reached skill level 5 in Fighting
  2953 | D:4      | Noticed Eustachio
  2957 | D:4      | Killed Eustachio
  2992 | D:4      | Found a staircase to the Ecumenical Temple.
  3110 | D:4      | Reached skill level 7 in Maces & Flails
  3181 | D:4      | Noticed Thjof's ghost (amateur NaWr)
  3641 | D:4      | Noticed Pikel
  3649 | D:4      | Killed Pikel
  3649 | D:4      | Reached XP level 8. HP: 51/51 MP: 10/10
  3735 | D:5      | Entered Level 5 of the Dungeon
  3746 | D:5      | Reached skill level 8 in Maces & Flails
  4795 | D:4      | Killed Thjof's ghost
  4795 | D:4      | Reached skill level 1 in Shields
  4795 | D:4      | Reached XP level 9. HP: 52/56 MP: 12/12
  4818 | D:4      | Got an agate-encrusted leather armour
  4819 | D:4      | Identified the +1 leather armour of the Monkey's Uncle {MR+ Str+4 Dex+3 Stlth+} (You found it on level 4 of the Dungeon)
  4982 | Temple   | Entered the Ecumenical Temple
  5022 | Temple   | Became a worshipper of Warmaster Okawaru
  5273 | D:6      | Reached skill level 9 in Maces & Flails
  5407 | D:6      | Reached skill level 1 in Invocations
  5449 | D:6      | Found an opulent altar of Gozag.
  5449 | D:6      | Found a burning altar of Makhleb.
  5532 | D:6      | Found a runed door.
  5536 | D:6      | Noticed Crazy Yiuf
  5540 | D:6      | Killed Crazy Yiuf
  5825 | D:7      | Found a deep blue altar of Sif Muna.
  5954 | D:7      | Learned a level 3 spell: Regeneration
  6133 | D:7      | Reached * piety under Okawaru
  6134 | D:7      | Found Jiplom's Food Shop.
  6541 | D:8      | Noticed a two-headed ogre
  6559 | D:8      | Killed a two-headed ogre
  6559 | D:8      | Reached skill level 10 in Maces & Flails
  6559 | D:8      | Reached XP level 10. HP: 47/64 MP: 13/13
  6705 | D:8      | Noticed a two-headed ogre
  6719 | D:8      | Killed a two-headed ogre
  6719 | D:8      | Reached ** piety under Okawaru
  6719 | D:8      | Reached skill level 5 in Invocations
  7037 | D:8      | Reached skill level 11 in Maces & Flails
  7360 | D:9      | Reached *** piety under Okawaru
  7430 | D:9      | Found a staircase to the Lair.
  7431 | D:9      | Noticed an elephant
  7443 | D:9      | Killed an elephant
  7626 | Lair:1   | Entered Level 1 of the Lair of Beasts
  7680 | Lair:1   | Reached skill level 5 in Evocations
  8001 | Lair:1   | Noticed an eight-headed hydra
  8014 | Lair:1   | Killed an eight-headed hydra
  8014 | Lair:1   | Reached skill level 12 in Maces & Flails
  8014 | Lair:1   | Reached XP level 11. HP: 71/71 MP: 13/15
  8060 | Lair:1   | Reached **** piety under Okawaru
  8330 | Lair:2   | Noticed Harold
  8338 | Lair:2   | Killed from afar by Harold

Skill      XL: |  1  2  3  4  5  6  7  8  9 10 |
---------------+-------------------------------+-----
Fighting       | 3 4 6 8 9 |  9.6
Maces & Flails | 4 5 6 7 8 10 12 | 12.2
Evocations     | 2 3 4 5 |  5.8
Shields        | 1 2 |  2.0
Invocations    | 4 5 |  5.0
Throwing       | |  1.7
Dodging        | |  2.4

Action                   |  1- 3 |  4- 6 |  7- 9 | 10-12 || total
-------------------------+-------+-------+-------+-------++-------
Melee: Flail             |   143 |    34 |       |       ||   177
       Morningstar       |       |   116 |   343 |   159 ||   618
 Fire: Hunting sling     |       |       |       |    12 ||    12
Throw: Javelin           |       |       |     4 |     4 ||     8
       Tomahawk          |       |       |     3 |       ||     3
       Throwing net      |       |       |     2 |     1 ||     3
Evoke: Wand              |     1 |     8 |    14 |    10 ||    33
  Use: Potion            |       |     1 |       |     1 ||     2
       Scroll            |       |       |    11 |     5 ||    16
 Stab: Paralysed         |       |       |    12 |    11 ||    23
  Eat: Chunk             |       |     4 |     4 |       ||     8
       Royal jelly       |       |     1 |     2 |       ||     3
       Meat ration       |       |       |     1 |       ||     1
       Fruit             |       |       |       |     7 ||     7
Armor: Leather armour    |    85 |    48 |       |       ||   133
       Scale mail        |       |    28 |   149 |    60 ||   237
Dodge: Dodged            |   113 |   106 |    93 |    37 ||   349
Block: Shield            |       |       |   115 |    76 ||   191
